 Dungeon Crawl Stone Soup version 0.27-a0-237-g52650a7530 (webtiles) character file.

Game seed: 10662898222354657697

11895 Devinter the Thaumaturge (level 11, -4/69 (85) HPs)
             Began as a Mummy Ice Elementalist on Feb 2, 2021.
             Was an Initiate of Gozag.
             Killed from afar by a starcursed mass (7 damage)
             ... with an accursed screaming
             ... on level 2 of the Abyss.
             The game lasted 01:36:53 (14531 turns).

Devinter the Thaumaturge (Mummy Ice Elementalist)  Turns: 14531, Time: 01:36:54

HP:   -4/69 (85)    AC:  8    Str: 11    XL:     11   Next: 55%
MP:   35/35         EV: 26    Int: 21    God:    Gozag
Gold: 699           SH: 11    Dex: 23    Spells: 22/33 levels left

rFire    x . .     SeeInvis .   R - +7 long sword of Lust {pain, +Fly MP+9 Int+3 Dex+4}
rCold    + + .     Faith    .   A - +0 kite shield
rNeg     + + +     Spirit   .   C - +2 leather armour {rC+}
rPois    ∞         Reflect  .   w - +1 helmet
rElec    .         Harm     .   r - +0 cloak {Stlth+}
rCorr    .         Rampage  .   (no gloves)
Will     +....                  (no boots)
Stlth    +++.......             m - amulet of the acrobat
HPRegen  0.21/turn              b - +6 ring of dexterity
MPRegen  0.24/turn              x - ring of stealth

@: acrobat, heavily drained
A: no potions, fire vulnerability, cold resistance 1, negative energy resistance
3, torment resistance, unbreathing
a: Renounce Religion, Evoke Flight, Potion Petition, Call Merchant, Bribe Branch


You were on level 2 of the Abyss.
You worshipped Gozag.
Gozag was pleased with you.
You visited 3 branches of the dungeon, and saw 13 of its levels.
You visited the Abyss 1 time.

You collected 2147 gold pieces.
You spent 681 gold pieces at shops.
You paid 767 gold pieces to Gozag.

Inventory:

Hand Weapons
 q - the +11 bardiche "Vulenilu" {flame, rPois rC+ Str+3, unknown}
   (You found it on level 2 of the Abyss)

   It has been specially enchanted to burn those struck by it, causing extra
   injury to most foes and up to half again as much damage against particularly
   susceptible opponents.
   Big, fiery blades are also staple armaments of hydra-hunters.
   It affects your strength (+3).
   It protects you from cold.
   It protects you from poison.
 R - the +7 long sword of Lust (weapon) {pain, +Fly MP+9 Int+3 Dex+4}
   (You bought it in a shop on level 1 of the Lair of Beasts)

   In the hands of one skilled in necromantic magic, it inflicts extra damage on
   living creatures.
   It affects your intelligence (+3).
   It affects your dexterity (+4).
   It affects your magic capacity (+9).
   It lets you fly.
 S - the cursed +0 hand axe "Hagiavovuch" {vorpal, rPois}
   (You bought it in a shop on level 1 of the Lair of Beasts)

   It inflicts extra damage upon your enemies.
   It protects you from poison.
   It has a curse placed upon it.
Missiles
 d - 424 stones (quivered)
 f - 68 poisoned darts
 g - 142 sling bullets
 k - 51 bolts
 n - 177 arrows
 p - 15 boomerangs
 H - 5 boomerangs of dispersal
 N - 6 javelins
Armour
 i - a +2 robe of cold resistance
 r - a +0 cloak of stealth (worn)
 w - a +1 helmet (worn)
 A - a +0 kite shield (worn)
 C - a +2 leather armour of cold resistance (worn)
 L - a +2 scale mail of cold resistance
Magical Staves
 a - an uncursed staff of cold {unknown}
Jewellery
 b - a +6 ring of dexterity (left hand)
 l - an uncursed ring of ice {unknown}
 m - an amulet of the acrobat (around neck)
 x - a ring of stealth (right hand)
Wands
 o - a wand of paralysis (4)
 u - a wand of flame (30)
 y - a wand of acid (17)
 E - a wand of polymorph (3)
 K - a wand of mindburst (10)
 P - a wand of random effects (18)
Scrolls
 c - 5 scrolls of immolation
 e - 3 scrolls of teleportation
 h - 4 scrolls of enchant armour
 j - a scroll of fear
 t - 2 scrolls of remove curse
 v - 3 scrolls of identify
 z - a scroll of acquirement {unknown}
 B - a scroll of silence {unknown}
 F - a scroll of summoning {unknown}
 I - 2 scrolls of amnesia {unknown}
 J - 2 scrolls of blinking {unknown}
 O - a scroll of enchant weapon {unknown}
Miscellaneous
 G - a box of beasts (inert)


   Skills:
 + Level 7.6 Fighting
 + Level 0.2 Long Blades
 - Level 2.0 Armour
 - Level 2.0 Dodging
 - Level 2.0 Stealth
 + Level 9.1 Shields
 + Level 11.8 Spellcasting
 - Level 4.0 Summonings
 - Level 6.0 Ice Magic


You had 22 spell levels left.
You knew the following spells:

 Your Spells              Type           Power        Failure   Level
a - Freeze                Ice            100%         1%          1
b - Frozen Ramparts       Ice            74%          3%          3
c - Ozocubu's Armour      Ice            37%          3%          3
d - Summon Ice Beast      Ice/Summ       33%          19%         4

Your spell library contained the following spells:

 Spells                   Type           Power        Failure   Level
 Hailstorm                Conj/Ice       25%          41%         4


Dungeon Overview and Level Annotations

Branches:
Dungeon (11/15)            Temple (1/1) D:6            Lair (1/6) D:8
    Orc: D:9-12

Altars:
Ashenzari
Cheibriados
Dithmenos
Elyvilon
Fedhas
Gozag
Hepliaklqana
Kikubaaqudgha
Makhleb
Nemelex Xobeh
Okawaru
Qazlal
Ru
Sif Muna
Trog
Uskayaw
Vehumet
Wu Jian
Xom
Yredelemnul
Zin
The Shining One

Shops:
D:6 :   D:7 :   Lair:1 (

Annotations:
D:6 1 runed translucent door, exclusion: door, anet's ghost, novice GnWz
D:9 3 runed translucent doors, RYO scroll, confidenceinterval's ghost, novice TrHu
D:10 Fannar
Lair:1 Sonja


Innate Abilities, Weirdness & Mutations

You do not drink.
Your flesh is vulnerable to fire.
You are immune to poison.
Your flesh is cold resistant. (rC+)
You are immune to negative energy. (rN+++)
You are immune to unholy pain and torment.
You can survive without breathing.


Message History

The starcursed mass shrieks in your mind.
* * * LOW HITPOINT WARNING * * *
Found a steaming bardiche.
A small abomination comes into view.
A starcursed mass splits.
A chorus of shrieks assaults your mind.
* * * LOW HITPOINT WARNING * * *
A chorus of shrieks assaults your mind.
* * * LOW HITPOINT WARNING * * *
You see here a steaming bardiche.
q - a steaming bardiche A chorus of shrieks assaults your mind.
* * * LOW HITPOINT WARNING * * *
The small abomination barely misses you.
You block the small abomination's attack.
The starcursed mass shrieks in your mind.
* * * LOW HITPOINT WARNING * * *
The starcursed mass shrieks in your mind.
You die...
Your body crumbles into a pile of gold.

.##
#..######.# .
..#....... .
#.#.#.#
###X..#
##....#.#
#.#..# ..
###...###.##.#
#.#x.....# .
#.@....#.#
#..#.##..#
##.#..####
..#.## ###.##
. #


You could see a starcursed mass and a small abomination.

Vanquished Creatures
  2 two-headed ogres
  Urug (D:10)
  Nergalle (Lair:1)
  Joseph (Lair:1)
  A komodo dragon (D:8)
  2 trolls (D:9)
  Prince Ribbit (D:9)
  A large abomination (Abyss:2)
  A wraith (D:10)
  A wyvern (D:8)
  12 yaks
  A steam dragon (D:10)
  Grum (D:10)
  A chaos spawn (Abyss:2)
  Menkaure (D:6)
  4 water moccasins
  A black bear (D:7)
  2 orc warriors (D:8)
  4 sky beasts
  2 ice beasts
  5 ogres
  5 centaurs
  4 wolves
  A big kobold (D:8)
  A phantom (D:8)
  A gnoll sergeant (D:7)
  7 bullfrogs
  A wyvern skeleton (D:6)
  4 scorpions
  11 wights
  A howler monkey (D:6)
  A quasit (D:7)
  Crazy Yiuf (D:6)
  2 gnoll shamans (D:7)
  5 orc priests
  A centaur skeleton (D:7)
  6 hounds
  2 bullfrog skeletons
  2 iguanas
  7 orc wizards
  5 worker ants
  A hound zombie (D:6)
  A hound skeleton (D:4)
  A howler monkey skeleton (D:7)
  16 gnolls
  22 adders
  A shadow imp (D:5)
  2 white imps
  An adder zombie (D:9)
  3 worms
  A dart slug (D:1)
  3 leopard geckos
  37 orcs
  3 ball pythons
  6 giant cockroaches
  2 gnoll zombies (D:9)
  5 hobgoblins
  11 jackals
  4 quokkas
  5 bats
  6 frilled lizards
  4 goblins
  18 kobolds
  A leopard gecko skeleton (D:4)
  2 rats (D:1)
270 creatures vanquished.

Vanquished Creatures (collateral kills)
  A two-headed ogre (D:8)
1 creature vanquished.

Vanquished Creatures (others)
  2 bushes (Lair:1)
  7 fungi
  16 plants
25 creatures vanquished.

Grand Total: 296 creatures vanquished

Notes
Turn   | Place    | Note
-------+----------+-------------------------------------------
     0 | D:1      | Devinter the Mummy Ice Elementalist began the quest for the
                  | Orb.
     0 | D:1      | Reached XP level 1. HP: 13/13 MP: 4/4
   261 | D:1      | Reached skill level 3 in Spellcasting
   271 | D:1      | Reached XP level 2. HP: 14/19 MP: 3/6
   763 | D:2      | Reached XP level 3. HP: 24/24 MP: 4/7
   767 | D:2      | Learned a level 3 spell: Frozen Ramparts
   771 | D:2      | Learned a level 3 spell: Ozocubu's Armour
  1055 | D:2      | Reached skill level 2 in Stealth
  1157 | D:2      | Found a white marble altar of Elyvilon.
  1394 | D:2      | Reached skill level 2 in Dodging
  1468 | D:2      | Reached XP level 4. HP: 30/30 MP: 7/9
  1588 | D:3      | Reached skill level 4 in Spellcasting
  1744 | D:3      | Reached skill level 4 in Ice Magic
  2284 | D:3      | Found a burning altar of Makhleb.
  2432 | D:3      | Reached XP level 5. HP: 35/35 MP: 7/11
  2885 | D:4      | Reached skill level 5 in Spellcasting
  3141 | D:4      | Found an ancient bone altar of Kikubaaqudgha.
  3258 | D:5      | Entered Level 5 of the Dungeon
  3301 | D:5      | Noticed a sky beast
  3301 | D:5      | Noticed a sky beast
  3339 | D:5      | Killed a sky beast
  3340 | D:5      | Reached skill level 5 in Ice Magic
  3340 | D:5      | Reached skill level 1 in Fighting
  3340 | D:5      | Reached XP level 6. HP: 14/43 MP: 9/13
  3722 | D:5      | Killed a sky beast
  3723 | D:5      | Reached skill level 2 in Fighting
  3723 | D:5      | Reached skill level 6 in Spellcasting
  4315 | D:5      | Reached skill level 3 in Fighting
  4315 | D:5      | Reached XP level 7. HP: 52/52 MP: 7/16
  4448 | D:6      | Found Kuariboj's Book Shop.
  4696 | D:6      | Found a staircase to the Ecumenical Temple.
  4707 | D:6      | Reached skill level 7 in Spellcasting
  4717 | D:6      | Reached skill level 4 in Fighting
  4729 | Temple   | Entered the Ecumenical Temple
  4794 | Temple   | Became a worshipper of Gozag Ym Sagoz the Greedy
  4954 | D:6      | Reached XP level 8. HP: 46/61 MP: 13/19
  4994 | D:6      | Found a runed translucent door.
  4995 | D:6      | Noticed Crazy Yiuf
  5003 | D:6      | Killed Crazy Yiuf
  5010 | D:6      | Got a dazzling mace
  5012 | D:6      | Identified the +3 mace of Ezorint {flame, *Drain rF+
                  | Will++} (You found it on level 6 of the Dungeon)
  5058 | D:6      | Reached skill level 5 in Fighting
  5058 | D:6      | Reached skill level 8 in Spellcasting
  5148 | D:6      | Noticed anet's ghost (novice GnWz)
  5158 | D:6      | Found a runed translucent door.
  5332 | D:6      | Noticed Menkaure
  5392 | D:6      | Reached skill level 1 in Summonings
  5394 | D:6      | HP: 6/62 [wight/+0 falchion (6)]
  6103 | D:6      | Reached skill level 2 in Summonings
  6108 | D:6      | Learned a level 4 spell: Summon Ice Beast
  6426 | D:6      | Found an iron altar of Okawaru.
  6427 | D:6      | Found a snail-covered altar of Cheibriados.
  6427 | D:6      | Found a bloodstained altar of Trog.
  6427 | D:6      | Found a glowing silver altar of Zin.
  6427 | D:6      | Found a broken altar of Ashenzari.
  6428 | D:6      | Found a hazy altar of Hepliaklqana.
  6431 | D:6      | Found a shimmering blue altar of Sif Muna.
  6671 | D:6      | Killed Menkaure
  6672 | D:6      | Reached skill level 9 in Spellcasting
  6921 | D:7      | Reached skill level 3 in Summonings
  6921 | D:7      | Reached skill level 6 in Ice Magic
  6921 | D:7      | Reached XP level 9. HP: 51/68 MP: 22/22
  7363 | D:7      | Reached skill level 1 in Shields
  7404 | D:7      | Found Ware's Book Shoppe.
  7456 | D:7      | Found a sacrificial altar of Ru.
  7664 | D:7      | Reached skill level 10 in Spellcasting
  7667 | D:7      | Reached skill level 4 in Summonings
  7690 | D:7      | Reached skill level 2 in Shields
  7929 | D:8      | Noticed a two-headed ogre
  7939 | D:8      | Killed a two-headed ogre
  7940 | D:8      | Reached skill level 5 in Shields
  8011 | D:8      | Reached skill level 1 in Armour
  8074 | D:8      | Noticed a two-headed ogre
  8092 | D:8      | Found a staircase to the Lair.
  8130 | D:8      | Reached XP level 10. HP: 66/74 MP: 18/24
  8204 | D:8      | Reached skill level 2 in Armour
  8221 | D:8      | Found a blossoming altar of Fedhas.
  8654 | D:8      | Killed a two-headed ogre
  8655 | D:8      | Reached skill level 6 in Shields
  8929 | D:8      | Found a hide-covered altar of Uskayaw.
  9180 | D:8      | Reached skill level 7 in Shields
  9347 | Lair:1   | Entered Level 1 of the Lair of Beasts
  9480 | Lair:1   | Noticed a cane toad
  9542 | Lair:1   | Noticed Joseph
  9569 | Lair:1   | Killed Joseph
  9671 | Lair:1   | Found a shimmering altar of Xom.
  9714 | Lair:1   | Reached skill level 8 in Shields
  9885 | Lair:1   | Noticed Sonja
  9916 | Lair:1   | Noticed Nergalle
 10110 | D:9      | Noticed confidenceinterval's ghost (novice TrHu)
 10287 | D:9      | Noticed a two-headed ogre
 10302 | D:9      | Killed a two-headed ogre
 10303 | D:9      | Reached skill level 6 in Fighting
 10680 | D:9      | Noticed Prince Ribbit
 10699 | D:9      | Killed Prince Ribbit
 10700 | D:9      | Reached XP level 11. HP: 65/81 MP: 20/25
 10826 | D:9      | Found a runed translucent gate.
 10826 | D:9      | Found a runed translucent gate.
 10828 | D:9      | Found a runed translucent gate.
 10929 | D:9      | Found a basalt altar of Yredelemnul.
 11793 | D:10     | Entered Level 10 of the Dungeon
 12119 | D:10     | Noticed Urug
 12145 | D:10     | Killed Urug
 12146 | D:10     | Reached skill level 11 in Spellcasting
 12562 | D:10     | Noticed Fannar
 12562 | D:10     | Noticed Grum
 12603 | D:10     | Killed Grum
 13190 | D:9      | Reached skill level 7 in Fighting
 13709 | D:10     | Reached skill level 9 in Shields
 13814 | D:11     | Noticed a white ugly thing
 13831 | D:11     | HP: 8/84 [white ugly thing (11)]
 13968 | D:9      | HP: 2/84 [red ugly thing (14)]
 14363 | Lair:1   | Killed Nergalle
 14399 | Lair:1   | Bought a brightly glowing dagger for 203 gold pieces
 14399 | Lair:1   | Bought a twisted long sword for 246 gold pieces
 14399 | Lair:1   | Bought a smoking hand axe for 232 gold pieces
 14400 | Lair:1   | Identified the +3 dagger of Buedar {pain, rN++ Str+4 Dex-2}
                  | (You bought it in a shop on level 1 of the Lair of Beasts)
 14401 | Lair:1   | Identified the +7 long sword of Lust {pain, +Fly MP+9 Int+3
                  | Dex+4} (You bought it in a shop on level 1 of the Lair of
                  | Beasts)
 14402 | Lair:1   | Identified the cursed +0 hand axe "Hagiavovuch" {vorpal,
                  | rPois} (You bought it in a shop on level 1 of the Lair of
                  | Beasts)
 14411 | Lair:1   | Cast into level 2 of the Abyss (Sonja)
 14511 | Abyss:2  | Noticed a starcursed mass
 14525 | Abyss:2  | Got a steaming bardiche
 14530 | Abyss:2  | HP: 3/69 [starcursed mass/accursed screaming (7)]
 14531 | Abyss:2  | Killed from afar by a starcursed mass

Illustrated notes

Levels and vault maps discovered:
D:1:      dpeg_arrival_lava_temple_mockup, layout_basic
D:2:      layout_basic, lemuel_round_altar
D:3:      layout_rooms, lemuel_doored_altar, hex_medium,
          kennysheep_generic_room_4
D:4:      layout_cave_pods, kiku_gazebo_pond_becter, st_stairs_6
D:5:      layout_cave_pools
D:6:      layout_loops_ring, minitemple, minmay_temple_entry_trees,
          hellmonk_ghost_happy_afterlife, serial_shops, shop,
          uniq_crazy_yiuf_cottage, uniq_menkaure
D:7:      layout_cave_pools, nicolae_ru_the_path_less_chosen, serial_gnoll_camp,
          gnoll_camp_medium_02, gnoll_camp_mini_house, gnoll_camp_mini_shop,
          gnoll_camp_mini_loothouse
D:8:      layout_basic, kennysheep_mini, david_lair_shrubbed,
          chequers_serial_rivers_large_a, fedhas_altar_2
D:9:      layout_layer_cave, lemuel_zombie_altar_yredelemnul,
          gammafunk_ghost_split, chequers_serial_rivers_micro_e,
          uniq_prince_ribbit1
D:10:     layout_basic, minmay_misc_feat_cross, uniq_urug, uniq_fannar,
          uniq_grum
D:11:     layout_irregular_city, grunt_ministairs_12
Temple:   nicolae_temple_figure_zero
Lair:1:   layout_cave_shapes, basic_altar, minmay_hedge_maze,
          cheibrodos_lair_reptile_den, uniq_sonja, uniq_joseph, uniq_nergalle,
          uniq_gastronok, uniq_harold
Abyss:2:  base: D:7, evilmike_abyss_exit_glass, gammafunk_corrupted_shrine,
          hangedman_abyss_batty_box

Skill      XL: |  1  2  3  4  5  6  7  8  9 10 11 |
---------------+----------------------------------+-----
Spellcasting   | 3 4 5 6 7 9 10 11 | 11.8
Stealth        | 2 |  2.0
Dodging        | 2 |  2.0
Ice Magic      | 4 5 6 |  6.0
Fighting       | 1 3 4 5 6 7 |  7.6
Summonings     | 3 4 |  4.0
Shields        | 5 8 9 |  9.1
Armour         | 1 2 |  2.0
Long Blades    | |  0.2

Action                   |  1- 3 |  4- 6 |  7- 9 | 10-12 || total
-------------------------+-------+-------+-------+-------++-------
Melee: Quarterstaff      |     1 |    52 |    24 |       ||    77
       Mace              |       |       |   152 |   183 ||   335
       Long sword        |       |       |       |     8 ||     8
Throw: Dart              |       |    20 |    12 |       ||    32
       Throwing net      |       |       |     2 |       ||     2
 Cast: Freeze            |    61 |    83 |    56 |   129 ||   329
       Frozen Ramparts   |     1 |     7 |    34 |    40 ||    82
       Ozocubu's Armour  |       |     1 |     9 |     8 ||    18
       Summon Ice Beast  |       |       |     1 |     3 ||     4
Invok: Potion Petition   |       |       |       |     1 ||     1
       Call Merchant     |       |       |       |     1 ||     1
Evoke: Wand              |       |       |     6 |     9 ||    15
       Box of beasts     |       |       |       |     1 ||     1
  Use: Scroll            |       |     4 |     2 |     6 ||    12
 Stab: Sleeping          |       |     1 |       |     2 ||     3
       Held in net/web   |       |       |     1 |       ||     1
       Distracted        |       |       |       |     1 ||     1
Armor: Robe              |     3 |    10 |    39 |       ||    52
       Leather armour    |       |       |    27 |    87 ||   114
Dodge: Dodged            |    31 |    76 |   174 |   138 ||   419
Block: Kite shield       |       |       |    34 |   192 ||   226
       Rpst.: Long sword |       |       |       |     1 ||     1

Table legend: (Time is in decaauts)
 A = Elapsed time spent in this place.
 B = Non-inter-level travel time spent in this place.
 C = Inter-level travel time spent in this place.
 D = Time resting spent in this place.
 E = Time spent auto-exploring this place.
 F = Levels seen in this place.
 G = Mean time per level.
                   A        B        C        D        E       F      G
               +--------+--------+--------+--------+--------+-----+--------+
         Total |  14751 |  14421 |    330 |   4984 |   2233 |  14 | 1053.6 |
       Dungeon |  13816 |  13490 |    326 |   4635 |   2233 |  11 | 1256.0 |
        Temple |    190 |    190 |      0 |     92 |      0 |   1 |  190.0 |
          Lair |    619 |    615 |      4 |    257 |      0 |   1 |  619.0 |
         Abyss |    123 |    123 |      0 |      0 |      0 |   1 |  123.0 |
               +--------+--------+--------+--------+--------+-----+--------+

Top non-repeatable levels by time:
     D:9: 2803 daAuts
     D:8: 1925 daAuts
     D:6: 1846 daAuts
     D:5: 1466 daAuts
    D:10: 1256 daAuts
     D:7: 1229 daAuts
     D:3: 1024 daAuts
     D:2: 798 daAuts
     D:1: 754 daAuts
     D:4: 689 daAuts
  Lair:1: 619 daAuts
  Temple: 190 daAuts
 Abyss:2: 123 daAuts
    D:11: 22 daAuts
